 Dungeon Sprint DCSS version 0.28-a0-998-gb9e9c7b67e (webtiles) character file.

Game seed: 7240916992976684503

2132 mhtbhm the Spear-Bearer (level 9, -12/91 HPs)
             Began as a Red Draconian Berserker on Dec 5, 2021.
             Was a High Priest of Trog.
             Shot with an arrow by a centaur warrior (14 damage)
             ... in the Dungeon (Sprint IX: "|||||||||||||||||||||||||||||").
             The game lasted 00:01:02 (595 turns).

mhtbhm the Spear-Bearer (Red Draconian Berserker)    Turns: 595, Time: 00:01:03

Health: -12/91     AC:  9    Str: 24    XL:     9   Next: 9%
Magic:  9/9        EV: 17    Int:  7    God:    Trog [*****.]
Gold:   0          SH:  0    Dex: 11    Spells: 8/8 levels left

rFire   + . .      SeeInvis .   a - +2 halberd (venom)
rCold   . . .      Faith    .   (shield currently unavailable)
rNeg    . . .      Spirit   .   (armour unavailable)
rPois   .          Reflect  .   (helmet restricted)
rElec   .          Harm     .   (no cloak)
rCorr   .          Rampage  .   (no gloves)
Will    .....      NoTele   +   (no boots)
Stlth   +++.......              (no amulet)
HPRegen 0.25/turn               j - +2 ring of protection
MPRegen 0.11/turn               k - +2 ring of evasion

@: on berserk cooldown, slowed, invisible, very slow
A: breathe fire, AC +7, unfitting armour, fire resistance 1, cold-blooded
a: Breathe Fire, Renounce Religion, Berserk, Trog's Hand, Brothers in Arms


You were in the Dungeon.
You worshipped Trog.
Trog was extremely pleased with you.
You visited 1 branch

Inventory:

Hand Weapons
 a - a +2 halberd of venom (weapon)
Jewellery
 j - a +2 ring of protection (left hand)
 k - a +2 ring of evasion (right hand)
Wands
 i - a wand of acid (10)
Scrolls
 g - a scroll of blinking
Potions
 b - 5 potions of curing
 c - 2 potions of heal wounds
 d - a potion of haste
 e - 4 potions of magic
 f - a potion of berserk rage


   Skills:
 + Level 12.5 Fighting
 + Level 13.8 Polearms
 + Level 9.6 Dodging
 + Level 4.5 Stealth


You had 8 spell levels left.
You didn't know any spells.
Your spell library was empty.

Dungeon Overview and Level Annotations

Branches:
Dungeon (1/1)

Altars:
Cheibriados
Dithmenos
Elyvilon
Fedhas
Gozag
Hepliaklqana
Kikubaaqudgha
Makhleb
Nemelex Xobeh
Okawaru
Qazlal
Ru
Sif Muna
Trog
Uskayaw
Vehumet
Wu Jian
Xom
Yredelemnul
Zin
The Shining One
Beogh
Jiyva
Lugonu


Innate Abilities, Weirdness & Mutations

You can breathe blasts of fire.
Your fiery red scales are hard. (AC +7)
You cannot fit into any form of body armour.
Your flesh is heat resistant. (rF+)
You are cold-blooded and may be slowed by cold attacks.


Message History

You are exhausted.
You feel yourself slow down.
Blink to where?
Press: ? - help, Dir - move target
As you read the scroll of blinking, it crumbles to dust.
Your ogre goes berserk!
Trog will no longer gift you weapons.
Unknown command.
Your ogre hits the two-headed ogre with a +0 giant club!!
Your ogre barely misses the two-headed ogre.
The two-headed ogre hits your ogre with a +0 great mace.
The two-headed ogre hits your ogre with a +0 great mace!!
Your ogre hits the two-headed ogre with a +0 giant club!!
The two-headed ogre dies!
Trog accepts your kill.
Trog will now gift you melee weapons as you gain piety.
The centaur warrior wields a +0 longbow.
The centaur warrior shoots an arrow.
The arrow hits your ogre!
Your ogre dies!
Your ogre's corpse disappears in a puff of smoke!
The centaur warrior shoots an arrow.
The arrow hits you!
* * * LOW HITPOINT WARNING * * *
Your Fighting skill increases to level 12!
Your Polearms skill increases to level 13!
You have reached level 9!
Your experience leads to an increase in your attributes!
Increase (S)trength, (I)ntelligence, or (D)exterity?
You feel stronger. x2; Your scales feel tougher.
Unknown command.
You feel much better.
The centaur warrior shoots an arrow.
The arrow completely misses you.
The centaur warrior shoots an arrow.
The arrow hits you!!
* * * LOW HITPOINT WARNING * * *
Unknown command.
Unknown command.
You fade into invisibility!
The centaur warrior shoots an arrow.
The arrow hits you!
* * * LOW HITPOINT WARNING * * *
The centaur warrior shoots an arrow.
The arrow hits you!
You die... ▓▓▓▓▓▓▓▓▓▓▓▓▓▓▓▓▓▓▓▓▓▓▓▓▓▓▓▓▓▓▓▓▓ __________'.?))[@[..c.c..Oc).c... ▓▓▓▓▓▓▓▓▓▓▓▓▓▓▓▓▓▓▓▓▓▓▓▓▓▓▓▓▓▓▓▓▓

You could see a centaur warrior and a centaur.

Vanquished Creatures
  A centaur warrior (D)
  A gargoyle (D)
  A wraith (D)
  A yak (D)
  A necrophage (D)
  An orc warrior (D)
  An ogre (D)
  A scorpion (D)
  A wight (D)
  A howler monkey (D)
  An adder zombie (D)
  A dart slug (D)
  A bat skeleton (D)
  A hobgoblin (D)
  2 kobolds (D)
  A giant cockroach zombie (D)
  A rat (D)
18 creatures vanquished.

Vanquished Creatures (collateral kills)
  A two-headed ogre (D)
1 creature vanquished.

Grand Total: 19 creatures vanquished

Notes
Turn   | Place    | Note
-------+----------+-------------------------------------------
     0 | D        | mhtbhm the Draconian Berserker began the quest for the Orb.
     0 | D        | Reached XP level 1. HP: 19/19 MP: 1/1
    13 | D        | Reached ** piety under Trog
   104 | D        | Noticed a necrophage
   104 | D        | Noticed a scorpion
   104 | D        | Noticed an ogre
   109 | D        | Killed a necrophage
   110 | D        | Reached skill level 6 in Polearms
   110 | D        | Reached skill level 1 in Stealth
   110 | D        | Reached XP level 2. HP: 28/30 MP: 2/2
   110 | D        | Reached XP level 3. HP: 34/37 MP: 3/3
   110 | D        | Reached XP level 4. HP: 41/44 MP: 4/4
   224 | D        | Killed a scorpion
   224 | D        | Reached *** piety under Trog
   225 | D        | Reached skill level 5 in Dodging
   225 | D        | Reached XP level 5. HP: 51/51 MP: 5/5
   230 | D        | Killed an ogre
   231 | D        | Reached skill level 7 in Polearms
   238 | D        | Found a snail-covered altar of Cheibriados.
   238 | D        | Found a shadowy altar of Dithmenos.
   238 | D        | Found a white marble altar of Elyvilon.
   238 | D        | Found a blossoming altar of Fedhas.
   238 | D        | Found an opulent altar of Gozag.
   239 | D        | Found a hazy altar of Hepliaklqana.
   240 | D        | Found a viscous altar of Jiyva.
   241 | D        | Found an ancient bone altar of Kikubaaqudgha.
   242 | D        | Found a corrupted altar of Lugonu.
   243 | D        | Found a burning altar of Makhleb.
   244 | D        | Found a sparkling altar of Nemelex Xobeh.
   245 | D        | Found an iron altar of Okawaru.
   246 | D        | Found a stormy altar of Qazlal.
   247 | D        | Found a sacrificial altar of Ru.
   248 | D        | Found a shimmering blue altar of Sif Muna.
   249 | D        | Found a bloodstained altar of Trog.
   250 | D        | Found a hide-covered altar of Uskayaw.
   251 | D        | Found a radiant altar of Vehumet.
   252 | D        | Found an ornate altar of the Wu Jian Council.
   253 | D        | Found a shimmering altar of Xom.
   254 | D        | Found a basalt altar of Yredelemnul.
   255 | D        | Found a glowing silver altar of Zin.
   256 | D        | Found a glowing golden altar of the Shining One.
   387 | D        | Noticed an orc warrior
   387 | D        | Noticed a wraith
   387 | D        | Noticed a yak
   392 | D        | Reached skill level 8 in Polearms
   392 | D        | Reached XP level 6. HP: 61/61 MP: 6/6
   392 | D        | Reached **** piety under Trog
   397 | D        | Killed an orc warrior
   398 | D        | Reached skill level 9 in Polearms
   403 | D        | Killed a wraith
   404 | D        | Reached skill level 10 in Polearms
   404 | D        | Your scales start taking on a fiery red colour.
   404 | D        | Reached XP level 7. HP: 69/70 MP: 7/7
   404 | D        | Gained mutation: Your flesh is heat resistant. (rF+) [Red
                  | Draconian growth]
   410 | D        | Killed a yak
   411 | D        | Reached skill level 10 in Fighting
   575 | D        | Noticed a gargoyle
   575 | D        | Noticed a centaur warrior
   575 | D        | Noticed a two-headed ogre
   575 | D        | Noticed a centaur warrior
   578 | D        | Killed a gargoyle
   578 | D        | Reached ***** piety under Trog
   579 | D        | Reached skill level 11 in Polearms
   584 | D        | Killed a centaur warrior
   585 | D        | Reached skill level 12 in Polearms
   585 | D        | Reached XP level 8. HP: 30/83 MP: 8/8
   593 | D        | Killed a two-headed ogre
   594 | D        | Reached skill level 13 in Polearms
   594 | D        | Reached XP level 9. HP: 12/91 MP: 9/9
   595 | D        | HP: 2/91 [centaur warrior/arrow (15)]
   595 | D        | Shot with an arrow by a centaur warrior

Illustrated notes

Levels and vault maps discovered:
D:        linesprint [early_d, line_temple, items_1, d_10, items_2, lair_1,
          lair_end, items_3, orc_1, orc_end, items_4, d_15, swamp_1, shoals_1,
          snake_1, spider_1, d_20, vaults_1, items_5, swamp_end, shoals_end,
          snake_end, spider_end, vaults_end, d_27, items_6, zot_1, zot_end,
          crypt_end, forest_end, elf_end, slime_end, tomb_end, abyss_end,
          pan_hell_end]

Skill      XL: |  1  2  3  4  5  6  7  8 |
---------------+-------------------------+-----
Dodging        | 4 5 6 7 9 |  9.6
Fighting       | 6 8 9 11 12 | 12.5
Polearms       | 6 8 10 12 13 | 13.8
Stealth        | 1 2 3 4 |  4.5

Action                   |  1- 3 |  4- 6 |  7- 9 || total
-------------------------+-------+-------+-------++-------
Melee: Spear             |    20 |     8 |       ||    28
       Tailslap          |     3 |     4 |       ||     7
       Halberd           |       |    15 |    14 ||    29
Invok: Berserk           |     1 |     2 |     1 ||     4
       Brothers in Arms  |       |       |     1 ||     1
 Abil: Breathe Fire      |       |       |     1 ||     1
  Use: Scroll            |       |       |     1 ||     1
       Potion            |       |       |     2 ||     2
 Stab: Sleeping          |     1 |       |       ||     1
Armor: Skin              |     1 |       |     2 ||     3
Dodge: Dodged            |     7 |     8 |     4 ||    19

Table legend: (Time is in decaauts)
 A = Elapsed time spent in this place.
 B = Non-inter-level travel time spent in this place.
 C = Inter-level travel time spent in this place.
 D = Time resting spent in this place.
 E = Time spent auto-exploring this place.
 F = Levels seen in this place.
 G = Mean time per level.
                   A        B        C        D        E       F      G
               +--------+--------+--------+--------+--------+-----+--------+
         Total |    610 |    610 |      0 |    462 |      3 |   1 |  610.0 |
       Dungeon |    610 |    610 |      0 |    462 |      3 |   1 |  610.0 |
               +--------+--------+--------+--------+--------+-----+--------+

Top non-repeatable levels by time:
       D: 610 daAuts
